 Dungeon Crawl Stone Soup version 0.20.0-15-g7f486f2 (webtiles) character file.

9259 straycat the Nimble (level 11, -10/78 HPs)
             Began as a Vampire Wanderer on June 25, 2017.
             Was a Follower of Hepliaklqana.
             Killed from afar by an electric eel (18 damage)
             ... with a bolt of electricity
             ... on level 9 of the Dungeon.
             The game lasted 01:08:56 (12163 turns).

straycat the Nimble (Vampire Wanderer)             Turns: 12163, Time: 01:08:59

Health: -10/78     AC: 15    Str: 15    XL:     11   Next: 20%
Magic:  11/11      EV: 15    Int: 12    God:    Hepliaklqana [*.....]
Gold:   566        SH:  6    Dex: 16    Spells: 10/10 levels left

rFire    . . .     SeeInvis +   V - +4 long sword (curse)
rCold    . . .     Gourm    .   v - +0 buckler
rNeg     + . .     Faith    .   a - +2 scale mail
rPois    .         Spirit   .   z - +1 helmet {SInv}
rElec    .         Reflect  .   (no cloak)
rCorr    .         Harm     .   y - +2 pair of gloves
MR       +....                  q - +0 pair of boots
Stlth    +++.......             O - amulet of rage
Regen    0.3/turn               H - ring of wizardry
MPRegen  0.2/turn               (no ring)

@: no status effects
A: reduced essence, fangs 3, see invisible, unbreathing
a: Bat Form, Recall Ancestor, Ancestor Identity, Renounce Religion, Evoke
Berserk Rage


You were on level 9 of the Dungeon.
You worshipped Hepliaklqana.
Hepliaklqana was aware of your devotion.
You were not thirsty.

You visited 2 branches of the dungeon, and saw 10 of its levels.

You collected 566 gold pieces.

Inventory:

Hand Weapons
 s - a +0 blowgun
 D - a +2 hand axe of freezing
 K - a +0 antimagic spear
 N - a +1 falchion of slicing
 Q - a +0 shortbow
 V - a cursed +4 long sword (weapon)
 W - a +2 short sword
 X - a +5 great sword
Missiles
 k - 57 poisoned needles
 r - 198 stones
 t - 3 needles of sleeping
 u - 206 arrows
 w - 73 bolts
 F - 30 sling bullets
 G - 8 javelins (quivered)
Armour
 a - a +2 scale mail (worn)
 q - a +0 pair of boots (worn)
 v - a +0 buckler (worn)
 y - a +2 pair of gloves (worn)
 z - a +1 helmet of see invisible (worn)
Magical Staves
 x - an uncursed staff of fire
Jewellery
 b - an uncursed amulet of magic regeneration
 H - a ring of wizardry (left hand)
 O - an amulet of rage (around neck)
Wands
 n - a wand of polymorph (13/24)
 B - a wand of flame (46/48)
 J - a wand of lightning (3/15)
 R - a wand of iceblast (8/15)
Scrolls
 f - 3 scrolls of fear
 i - 2 scrolls of teleportation
 o - 4 scrolls of remove curse
 p - 3 scrolls of magic mapping
 A - a scroll of blinking
 I - a scroll of fog
 L - a scroll of recharging
 S - a scroll of identify
Potions
 c - 4 potions of curing
 d - 5 potions of blood
 e - a potion of brilliance {unknown}
 g - 2 potions of haste {unknown}
 j - 3 potions of flight
 l - a potion of resistance
 C - a potion of degeneration {unknown}
 E - a potion of ambrosia {unknown}
 M - a potion of berserk rage {unknown}
 P - a potion of mutation {unknown}
 T - a potion of invisibility {unknown}


   Skills:
 * Level 8.5 Fighting
 + Level 6.1(6.5) Short Blades
 - Level 3.0(4.7) Long Blades
   Level 1.0 Crossbows
 + Level 4.0 Armour
 * Level 10.1 Dodging
 + Level 9.5 Stealth
 + Level 6.3 Shields
 - Level 1.0 Evocations


You had 10 spell levels left.
You didn't know any spells.

Dungeon Overview and Level Annotations

Branches:
Dungeon (9/15)             Temple (1/1) D:7
   Lair: D:8-11         Orc: D:9-12

Altars:
Ashenzari
Cheibriados
Dithmenos
Elyvilon
Fedhas
Gozag
Hepliaklqana
Kikubaaqudgha
Makhleb
Okawaru
Qazlal
Ru
Sif Muna
Trog
Vehumet
Xom
Yredelemnul
Zin
The Shining One


Innate Abilities, Weirdness & Mutations

You have razor-sharp teeth.
You have supernaturally acute eyesight. (SInv)
You can survive without breathing.
Your life essence is reduced. (-10% HP)


Message History

Press: ? - help, v - describe, . - travel
Here: an electric eel Some shallow water.
Unknown command.
Okay, then.
You swap places.
The electric eel shoots out a bolt of lightning at you!
The bolt of electricity hits Seras.
The bolt of electricity hits you! x2
The bullfrog skeleton barely misses Seras.
The electric eel shoots out a bolt of lightning at you!
The bolt of electricity hits Seras.
The bolt of electricity hits you! x2
* * * LOW HITPOINT WARNING * * *
Seras hits the electric eel.
The electric eel shoots out a bolt of lightning at you!
The bolt of electricity hits the electric eel.
The electric eel completely resists.
The bolt of electricity hits Seras.
The bolt of electricity hits you!
* * * LOW HITPOINT WARNING * * *
The bolt of electricity hits you!
You die...

#....# ### ≈≈..≈≈...#
#....# #.. ≈≈.≈.....#
#....# #.. ≈≈≈≈≈≈...#
#....# #.. ≈≈≈≈≈≈≈..#
#....# #..
.≈≈≈≈≈≈..#####....# #..
.h.......##..'....#######..
.≈≈≈≈≈≈..#..##....#........
≈≈≈≈...Z.#@###....'.#####.)
≈≈≈≈≈;;R.'.# #....### ###
≈≈≈≈≈≈....## ##)### #
..≈≈.....## #...# #
....≈....# ###.# ###
.........########.#### #..
###########.........<# #..
#'''#.....)# #.. #.
##.....####..


You could see the friendly Seras the ancestor and 2 electric eels.

Vanquished Creatures
  3 two-headed ogres (D:9)
  A troll (D:9)
  Grinder (D:6)
  Sigmund (D:6)
  A yak (D:8)
  A water moccasin (D:8)
  Duvessa (D:6)
  An ice beast (D:8)
  An orc warrior (D:9)
  A black bear (D:9)
  A phantom (D:4)
  3 sky beasts
  2 necrophages
  7 ogres
  An eye of draining (D:4)
  The ghost of Overlord the Ruffian, an amateur DrTm (D:3)
  2 centaurs
  2 wolves
  6 bullfrogs
  A scorpion (D:6)
  Dowan (D:6)
  11 killer bees
  4 jellies
  14 wights
  2 howler monkeys (D:8)
  6 crimson imps
  A bullfrog zombie (D:7)
  3 centaur skeletons
  5 hounds
  2 orc wizards (D:8)
  3 orc priests (D:8)
  Jessica (D:2)
  Natasha (thrice) (D:2 D:3)
  Terence (D:2)
  3 iguanas
  9 worker ants
  A hound zombie (D:5)
  6 gnolls
  11 adders
  An ooze (D:6)
  3 worms
  4 dart slugs
  6 leopard geckos
  22 orcs
  7 giant cockroaches
  14 goblins
  5 hobgoblins
  20 jackals
  3 quokkas
  3 ball pythons
  6 bats
  6 frilled lizards
  9 kobolds
  2 leopard gecko skeletons
  12 rats
248 creatures vanquished.

Vanquished Creatures (collateral kills)
  A two-headed ogre (D:9)
  A hungry ghost (D:8)
  A centaur (D:7)
  A big kobold (D:8)
  A bullfrog (D:7)
  6 killer bees
  A wight (D:9)
  A howler monkey (D:8)
  A jelly (D:8)
  An orc wizard (D:7)
  A worker ant (D:7)
  An adder skeleton (D:9)
  A leopard gecko (D:9)
  An orc (D:8)
  3 jackals (D:8)
  2 kobolds (D:8)
24 creatures vanquished.

Vanquished Creatures (others)
  8 ancestors
8 creatures vanquished.

Grand Total: 280 creatures vanquished

Notes
Turn   | Place    | Note
-------+----------+-------------------------------------------
     0 | D:1      | straycat the Vampire Wanderer began the quest for the Orb.
     0 | D:1      | straycat set off with: a +2 scale mail, a +0 falchion, a potion of curing, a potion of blood
     0 | D:1      | Reached XP level 1. HP: 16/16 MP: 1/1
   341 | D:1      | Reached XP level 2. HP: 22/22 MP: 2/2
   684 | D:1      | Reached skill level 2 in Dodging
   924 | D:2      | Reached XP level 3. HP: 26/28 MP: 3/3
   950 | D:2      | Noticed Jessica
   959 | D:2      | Killed Jessica
  1098 | D:2      | Noticed Terence
  1116 | D:2      | Killed Terence
  1116 | D:2      | Reached XP level 4. HP: 9/34 MP: 4/4
  1411 | D:2      | Noticed Natasha
  1426 | D:2      | Killed Natasha
  1467 | D:2      | Noticed Natasha
  1475 | D:2      | Killed Natasha
  1475 | D:2      | Reached XP level 5. HP: 9/41 MP: 5/5
  2018 | D:2      | Reached skill level 3 in Dodging
  2516 | D:3      | Noticed Overlord's ghost (amateur DrTm)
  2745 | D:3      | Found a faded altar of an unknown god.
  2900 | D:3      | Noticed Natasha
  3094 | D:3      | Killed Natasha
  3094 | D:3      | Reached XP level 6. HP: 25/47 MP: 6/6
  3871 | D:3      | Killed Overlord's ghost
  3871 | D:3      | Reached skill level 1 in Shields
  4162 | D:4      | Reached skill level 4 in Dodging
  4490 | D:4      | Reached XP level 7. HP: 51/53 MP: 7/7
  4585 | D:4      | Reached skill level 1 in Short Blades
  4585 | D:4      | Reached skill level 5 in Stealth
  4592 | D:4      | Found a bloodstained altar of Trog.
  5071 | D:5      | Entered Level 5 of the Dungeon
  5398 | D:5      | Found a blossoming altar of Fedhas.
  5639 | D:5      | Reached skill level 5 in Dodging
  5775 | D:5      | Reached XP level 8. HP: 42/61 MP: 6/8
  6353 | D:6      | Noticed Dowan
  6358 | D:6      | Noticed Duvessa
  6371 | D:6      | Noticed Sigmund
  6389 | D:6      | Killed Dowan
  6416 | D:6      | Killed Sigmund
  6416 | D:6      | Reached skill level 5 in Fighting
  6441 | D:6      | Killed Duvessa
  6441 | D:6      | Reached skill level 6 in Dodging
  6723 | D:6      | Found a stormy altar of Qazlal.
  6723 | D:6      | Found a white marble altar of Elyvilon.
  6750 | D:6      | Noticed Grinder
  6756 | D:6      | Paralysed by Grinder for 2 turns
  6764 | D:6      | Killed Grinder
  7010 | D:7      | Reached XP level 9. HP: 57/68 MP: 9/9
  7476 | D:7      | Found a staircase to the Ecumenical Temple.
  7516 | D:7      | Reached skill level 7 in Dodging
  7524 | Temple   | Entered the Ecumenical Temple
  7576 | Temple   | Became a worshipper of Hepliaklqana the Forgotten
  7754 | D:7      | Reached skill level 5 in Shields
  8722 | D:8      | Found an opulent altar of Gozag.
  8758 | D:8      | Reached skill level 8 in Dodging
  8907 | D:8      | Reached XP level 10. HP: 64/69 MP: 10/10
  9222 | D:8      | Found a radiant altar of Vehumet.
  9596 | D:9      | Reached * piety under Hepliaklqana
  9604 | D:9      | Noticed a two-headed ogre
  9625 | D:9      | Killed a two-headed ogre
  9625 | D:9      | Reached skill level 5 in Short Blades
 10134 | D:9      | Reached skill level 9 in Dodging
 10458 | D:9      | Noticed a two-headed ogre
 10489 | D:9      | Noticed a two-headed ogre
 10911 | D:9      | Noticed a two-headed ogre
 10911 | D:9      | Killed a two-headed ogre
 11191 | D:9      | Killed a two-headed ogre
 11191 | D:9      | Reached XP level 11. HP: 57/77 MP: 11/11
 11724 | D:9      | HP: 3/77 [two-headed ogre/giant club (8)]
 11736 | D:9      | Killed a two-headed ogre
 11736 | D:9      | Reached skill level 10 in Dodging
 12163 | D:9      | Killed from afar by an electric eel

Skill      XL: |  1  2  3  4  5  6  7  8  9 10 11 |
---------------+----------------------------------+-----
Stealth        | 2 3 4 5 6 8 9 |  9.5
Fighting       | 2 3 4 5 6 8 |  8.5
Dodging        | 2 3 4 5 6 8 9 10 | 10.1
Armour         | 2 3 4 |  4.0
Long Blades    | 3 |  3.0
Shields        | 1 3 4 5 6 |  6.3
Short Blades   | 1 3 4 5 6 |  6.1
Crossbows      | |  1.0
Evocations     | |  1.0

Action                   |  1- 3 |  4- 6 |  7- 9 | 10-12 || total
-------------------------+-------+-------+-------+-------++-------
Melee: Falchion          |   101 |     7 |    40 |       ||   148
       Bite              |    15 |    26 |    73 |    45 ||   159
       Long sword        |       |   317 |   291 |   156 ||   764
       Dagger            |       |       |     1 |       ||     1
       Scimitar          |       |       |   184 |   155 ||   339
       Short sword       |       |       |     9 |       ||     9
Throw: Stone             |       |     4 |       |       ||     4
       Tomahawk          |       |     3 |     6 |       ||     9
       Javelin           |       |       |     1 |     4 ||     5
Invok: Ancestor Identity |       |       |     1 |       ||     1
       Recall Ancestor   |       |       |       |     3 ||     3
 Abil: End Transformatio |       |     1 |       |     1 ||     2
       Bat Form          |       |     1 |       |     1 ||     2
       Evoke Berserk Rag |       |       |     1 |     3 ||     4
  Use: Potion            |       |    13 |     9 |    13 ||    35
       Scroll            |       |       |    14 |     1 ||    15
 Stab: Sleeping          |       |       |     9 |       ||     9
       Distracted        |       |       |     2 |     3 ||     5
  Eat: Corpse            |     1 |     3 |     3 |     2 ||     9
Armor: Scale mail        |    54 |   191 |   193 |   148 ||   586
Dodge: Dodged            |    57 |   207 |   266 |   243 ||   773
Block: Buckler           |       |    38 |   119 |   108 ||   265
       Rpst.: Falchion   |    13 |     1 |     6 |       ||    20
       Long sword        |       |    48 |    56 |    34 ||   138
       Scimitar          |       |       |    34 |    37 ||    71
